AoeStats
← {WaZzU'P} Recluta4!

Arabia

507164373Analyzed
3v3 RM · 16d ago on Sep 16, 2026· 46m 44s· 6 players
Game mode
Random Map
Map size
Normal (6 player)
Population
200
Speed
Normal
Resources
Standard
Victory
Conquest
Starting age
Dark Age
Ending age
Imperial Age
RankedLock teamsTeams togetherTeam positionsShared explorationLock speedFull tech treeHidden civsTurbo modeCheats
Victory
Defeat
🇺🇸 Burgundians · United States
1209
+8
🇨🇭 Slavs · Switzerland
1102
+12
🇻🇪 Malians · Venezuela
1093
+12
🇩🇿 Saracens · Algeria
1060
-12
🇯🇵 Tatars · Japan
989
-10
🇲🇽 Teutons · Mexico
982
-10
BearKing89
6:36 Loom
12:08 Feudal Age
17:42 Castle Age
17:12 Forging
19:18 Double-Bit Axe
21:49 Bloodlines
28:39 Iron Casting
28:10 Scale Barding Armor
32:33 Horse Collar
33:48 Wheelbarrow
38:04 Imperial Age
36:07 Heavy Plow
38:39 Cavalier
40:19 Chain Barding Armor
43:37 Pikeman
ayoubDZtv
10:06 Feudal Age
8:25 Loom
12:02 Double-Bit Axe
17:11 Scale Barding Armor
17:19 Scale Barding Armor
22:23 Castle Age
21:31 Fletching
21:55 Forging
21:49 Scale Mail Armor
22:26 Pikeman
23:18 Forging
23:59 Chain Mail Armor
25:19 Squires
27:55 Iron Casting
32:15 Bow Saw
36:38 Bodkin Arrow
41:36 Bloodlines
41:29 Husbandry
44:45 Wheelbarrow
Jojo
3:50 Loom
12:04 Feudal Age
12:25 Horse Collar
12:38 Double-Bit Axe
15:45 Wheelbarrow
21:31 Scale Barding Armor
23:56 Forging
25:24 Bloodlines
33:10 Castle Age
{WaZzU'P} Sr Gilmapi
3:56 Loom
10:25 Feudal Age
13:17 Man-at-Arms
20:28 Castle Age
18:57 Double-Bit Axe
19:49 Scale Mail Armor
22:28 Forging
22:27 Squires
25:32 Pikeman
30:07 Fletching
36:06 Padded Archer Armor
36:56 Horse Collar
38:24 Bodkin Arrow
40:53 Leather Archer Armor
42:51 Wheelbarrow
{WaZzU'P} Recluta4!
9:15 Wheelbarrow
8:26 Loom
10:51 Feudal Age
9:41 Horse Collar
9:51 Double-Bit Axe
17:48 Castle Age
17:35 Bow Saw
17:26 Heavy Plow
17:24 Gold Mining
23:51 Wheelbarrow
23:59 Husbandry
24:20 Scale Barding Armor
25:25 Town Watch
28:58 Forging
28:55 Cavalier
31:11 Chain Barding Armor
32:16 Iron Casting
33:24 Hand Cart
34:13 Gold Shaft Mining
38:28 Two-Man Saw
39:38 Padded Archer Armor
39:29 Stone Mining
40:03 Light Cavalry
43:18 Imperial Age
40:49 Town Patrol
40:59 Burgundian Vineyards
41:32 Stone Shaft Mining
43:31 Paladin
43:34 Hussar
44:57 Plate Barding Armor
44:41 Capped Ram
{WaZzU'P} GranPolo
6:38 Loom
9:48 Feudal Age
10:07 Man-at-Arms
14:07 Forging
26:04 Castle Age
24:28 Stone Mining
25:12 Double-Bit Axe
27:56 Iron Casting
27:55 Scale Barding Armor
27:54 Horse Collar
28:17 Husbandry
31:53 Chain Barding Armor
32:26 Bloodlines
34:22 Town Watch
35:47 Gold Mining
37:16 Heavy Plow
39:16 Town Patrol
46:24 Imperial Age
46:15 Bow Saw
47:24 Gold Shaft Mining
Connection lost

Rejoining the realm…

Still unreachable

The connection could not be restored.

Session expired

The server has moved on; the page needs a fresh start.